 Dungeon Crawl Stone Soup version 0.31.0-7-gf635a9b802 (webtiles) character file.

Game seed: 3137117400518548170

557 booth the Ducker (level 7, 0/53 (60) HPs)
             Began as a Gnoll Monk on Jan 23, 2024.
             Slain by a wight
             ... wielding a +2 mace of protection
              (3 damage)
             ... on level 4 of the Dungeon.
             The game lasted 00:18:16 (3741 turns).

booth the Ducker (Gnoll Monk)                       Turns: 3741, Time: 00:18:16

HP:   0/53 (60)     AC:  4    Str: 15    XL:     7   Next: 30%
MP:   10/10         EV: 15    Int: 10    God:
Gold: 160           SH:  0    Dex: 16    Spells: 11/11 levels left

rFire   . . .        a - +1 hand axe
rCold   . . .        (no shield)
rNeg    . . .        i - +1 robe of Calculation {Str+3 Dex+2}
rPois   .            (no helmet)
rElec   .            (no cloak)
rCorr   .            k - +0 pair of gloves
SInv    .            (no boots)
Will    .....        (no amulet)
Stlth   ++           (no ring)
HPRegen 0.28/turn    (no ring)
MPRegen 0.12/turn

%: no passive effects
@: heavily drained
A: fangs 1, strong nose, distributed training
a: no special abilities


You were on level 4 of the Dungeon.
You visited 1 branch of the dungeon, and saw 4 of its levels.

You collected 160 gold pieces.

Inventory:

Hand Weapons
 a - a +1 hand axe (weapon)
 e - a +0 mace
 q - a +2 flail of protection
Missiles
 p - a boomerang (quivered)
 r - 2 throwing nets
 s - 9 poisoned darts
Armour
 d - an orb of light
 i - the +1 robe of Calculation (worn) {Str+3 Dex+2}
   (You found it on level 2 of the Dungeon)

   Str+3:     It affects your strength (+3).
   Dex+2:     It affects your dexterity (+2).
 j - a +0 leather armour
 k - a +0 pair of gloves (worn)
 m - a +0 ring mail
Jewellery
 l - a ring of willpower
Wands
 g - a wand of flame (22)
Scrolls
 b - a scroll of enchant armour {unknown}
 o - a scroll of noise {unknown}
 u - a scroll of identify
Potions
 c - a potion of ambrosia
 f - a potion of attraction
 h - a potion of cancellation {unknown}
 n - a potion of heal wounds
 t - a potion of degeneration {unknown}


   Skills:
 + Level 7.0 Fighting
 + Level 2.5 Short Blades
 + Level 2.5 Long Blades
 + Level 7.0 Axes
 + Level 2.5 Maces & Flails
 + Level 2.5 Polearms
 + Level 2.5 Staves
 + Level 2.5 Ranged Weapons
 + Level 2.5 Throwing
 + Level 2.5 Armour
 + Level 7.0 Dodging
 + Level 2.5 Stealth
 + Level 2.5 Shields
 + Level 2.5 Unarmed Combat
 + Level 2.5 Spellcasting
 + Level 2.0 Conjurations
 + Level 2.0 Hexes
 + Level 2.0 Summonings
 + Level 2.0 Necromancy
 + Level 2.0 Translocations
 + Level 2.0 Fire Magic
 + Level 2.0 Ice Magic
 + Level 2.0 Air Magic
 + Level 2.0 Earth Magic
 + Level 2.0 Alchemy
 + Level 2.8 Invocations
 + Level 2.5 Evocations
 + Level 2.2 Shapeshifting


You had 11 spell levels left.
You didn't know any spells.
Your spell library contained the following spells:

 Spells                   Type           Power      Damage    Failure   Level
 Apportation              Tloc           10%        N/A       13%         1
 Necrotise                Necr           20%        1d5       13%         1
 Sting                    Conj/Alch      20%        1d4       13%         1
 Summon Small Mammal      Summ           20%        N/A       13%         1
 Summon Ice Beast         Ice/Summ       5%         N/A       36%         3
 Summon Mana Viper        Hex/Summ       5%         N/A       98%         5
 Monstrous Menagerie      Summ           2%         N/A       100%        7


Dungeon Overview and Level Annotations

Branches:
Dungeon (4/15)
 Temple: D:4-7

Altars:
Nemelex Xobeh
Sif Muna
Uskayaw
Wu Jian

Shops:
D:3 =:   D:4 !


Innate Abilities, Weirdness & Mutations

You have very sharp teeth.
Your uncanny sense of smell can sniff out nearby items.
Your experience applies equally to all skills.


Message History

You hit the wight but do no damage. You bite the wight, but do no damage.
The wight is heavily damaged.
The wight barely misses you.
You closely miss the wight.
The wight is heavily damaged.
The wight closely misses you.
You hit the wight but do no damage.
The wight is heavily damaged.
The wight barely misses you.
You barely miss the wight.
The wight is heavily damaged.
The wight closely misses you.
You hit the wight.
The wight is heavily damaged.
The wight barely misses you.
You barely miss the wight. You bite the wight, but do no damage.
The wight is heavily damaged.
You closely miss the wight.
The wight is heavily damaged.
The wight misses you.
You hit the wight. You bite the wight, but do no damage.
The wight is severely damaged.
The wight hits you with a +2 mace of protection.
You hit the wight. You bite the wight, but do no damage.
The wight is severely damaged.
The wight misses you.
You hit the wight but do no damage. You bite the wight, but do no damage.
The wight is severely damaged.
The wight barely misses you.
You hit the wight but do no damage.
The wight is severely damaged.
The wight hits you with a +2 mace of protection!
* * * LOW HITPOINT WARNING * * *
You feel drained.
You completely miss the wight.
The wight is severely damaged.
The wight hits you with a +2 mace of protection!
* * * LOW HITPOINT WARNING * * *
You feel drained.
You die...

###########
########.........#
.........#######†#
########## #.# #@#
#z# ∆ #)# #.# ...
∆ ..... ......< #.
........# .
##........


You could see a wight.

Vanquished Creatures
  Grinder (D:3)
  A scorpion (D:4)
  A wight (D:4)
  A crimson imp (D:4)
  A bombardier beetle (D:3)
  Jessica (D:3)
  3 adders
  3 gnolls (D:3)
  A white imp (D:4)
  4 dart slugs
  4 ribbon worms
  12 orcs
  6 ball pythons
  6 endoplasms
  2 giant cockroaches
  5 goblins
  5 hobgoblins
  3 jackals (D:4)
  9 kobolds
  4 quokkas
  6 bats
  3 frilled lizards
  5 rats
87 creatures vanquished.

Notes
Turn   | Place    | Note
-------+----------+-------------------------------------------
     0 | D:1      | booth the Gnoll Monk began the quest for the Orb.
     0 | D:1      | Reached XP level 1. HP: 23/23 MP: 1/1
    83 | D:1      | Reached XP level 2. HP: 29/29 MP: 2/2
   813 | D:2      | Reached XP level 3. HP: 33/35 MP: 3/3
   885 | D:2      | Reached skill level 1 in Invocations
  1050 | D:2      | Reached skill level 1 in Short Blades
  1050 | D:2      | Reached skill level 1 in Long Blades
  1050 | D:2      | Reached skill level 1 in Maces & Flails
  1050 | D:2      | Reached skill level 1 in Polearms
  1050 | D:2      | Reached skill level 1 in Staves
  1050 | D:2      | Reached skill level 1 in Ranged Weapons
  1050 | D:2      | Reached skill level 1 in Throwing
  1050 | D:2      | Reached skill level 1 in Armour
  1050 | D:2      | Reached skill level 1 in Stealth
  1050 | D:2      | Reached skill level 1 in Shields
  1050 | D:2      | Reached skill level 1 in Unarmed Combat
  1050 | D:2      | Reached skill level 1 in Spellcasting
  1050 | D:2      | Reached skill level 1 in Evocations
  1072 | D:2      | Identified the +1 robe of Calculation {Str+3 Dex+2}
  1160 | D:2      | Found a shimmering blue altar of Sif Muna.
  1354 | D:2      | Reached skill level 1 in Shapeshifting
  1354 | D:2      | Reached XP level 4. HP: 41/41 MP: 5/5
  1549 | D:3      | Reached skill level 1 in Conjurations
  1549 | D:3      | Reached skill level 1 in Hexes
  1549 | D:3      | Reached skill level 1 in Summonings
  1549 | D:3      | Reached skill level 1 in Necromancy
  1549 | D:3      | Reached skill level 1 in Translocations
  1549 | D:3      | Reached skill level 1 in Fire Magic
  1549 | D:3      | Reached skill level 1 in Ice Magic
  1549 | D:3      | Reached skill level 1 in Air Magic
  1549 | D:3      | Reached skill level 1 in Earth Magic
  1549 | D:3      | Reached skill level 1 in Alchemy
  1724 | D:3      | Noticed Grinder
  1747 | D:3      | HP: 2/41 [gnoll/+0 flail (4)]
  1934 | D:3      | Paralysed by Grinder for 2 turns
  1950 | D:3      | Killed Grinder
  1951 | D:3      | Reached XP level 5. HP: 12/47 MP: 5/7
  1951 | D:3      | Reached XP level 6. HP: 13/53 MP: 5/8
  2239 | D:3      | Found Woototiu's Book Emporium.
  2339 | D:3      | Noticed Jessica
  2349 | D:3      | Killed Jessica
  2535 | D:3      | Found an ornate altar of the Wu Jian Council.
  2542 | D:3      | Found Tirpheodi's Jewellery Emporium.
  2775 | D:3      | Found a sparkling altar of Nemelex Xobeh.
  3014 | D:4      | Found Kekoamooc's Distillery.
  3131 | D:4      | Reached XP level 7. HP: 31/60 MP: 10/10
  3247 | D:4      | Found a hide-covered altar of Uskayaw.
  3741 | D:4      | Slain by a wight

Illustrated notes

Levels and vault maps discovered:
D:1:      erik_arrival_cave_to_civilisation [erik_arrival_cave_to_hall],
          layout_basic
D:2:      layout_loops_cross, basic_altar
D:3:      layout_loops_ring, pdpol_wu_jian_five_deadly_venoms,
          nemelex_dance_club_becter, serial_shops, shop,
          nicolae_book_shop_shelving, uniq_grinder, uniq_jessica
D:4:      layout_loops_ring, eat_drink_and_be_merry_uskayaw, serial_shops,
          shop_statue, nicolae_shop_industrial_runoff,
          hangedman_decor_diamond_cutter, minmay_fire_ice_demons, uniq_edmund

Skill      XL: |  1  2  3  4  5  6  7 |
---------------+----------------------+-----
Invocations    | 1 2 |  2.8
Short Blades   | 1 2 |  2.5
Long Blades    | 1 2 |  2.5
Maces & Flails | 1 2 |  2.5
Polearms       | 1 2 |  2.5
Staves         | 1 2 |  2.5
Ranged Weapons | 1 2 |  2.5
Throwing       | 1 2 |  2.5
Armour         | 1 2 |  2.5
Stealth        | 1 2 |  2.5
Shields        | 1 2 |  2.5
Unarmed Combat | 1 2 |  2.5
Spellcasting   | 1 2 |  2.5
Evocations     | 1 2 |  2.5
Shapeshifting  | 1 2 |  2.2
Conjurations   | 1 2 |  2.0
Hexes          | 1 2 |  2.0
Summonings     | 1 2 |  2.0
Necromancy     | 1 2 |  2.0
Translocations | 1 2 |  2.0
Fire Magic     | 1 2 |  2.0
Ice Magic      | 1 2 |  2.0
Air Magic      | 1 2 |  2.0
Earth Magic    | 1 2 |  2.0
Alchemy        | 1 2 |  2.0
Fighting       | 7 |  7.0
Axes           | 7 |  7.0
Dodging        | 7 |  7.0

Action                     |  1- 3 |  4- 6 |  7- 9 || total
---------------------------+-------+-------+-------++-------
  Melee: Hand axe          |   108 |   179 |    65 ||   352
         Bite              |     9 |    24 |     8 ||    41
  Throw: Boomerang         |       |     7 |       ||     7
    Use: Scroll            |     6 |     3 |       ||     9
         Potion            |       |     2 |       ||     2
   Stab: Sleeping          |       |     1 |       ||     1
 Armour: Robe              |    11 |    61 |    26 ||    98
         Leather armour    |    17 |       |       ||    17
  Dodge: Dodged            |    72 |    99 |    39 ||   210
